 Dungeon Crawl Stone Soup version 0.29.1-1-gd02db6906a (webtiles) character file.

Game seed: 16902077179853494048

40 H0rd4k the Insei (level 3, 0/23 HPs)
             Began as an Octopode Transmuter on Oct 20, 2022.
             Slain by a goblin
             ... wielding a +1 dagger of electrocution
              (3 damage)
             ... on level 2 of the Dungeon.
             The game lasted 00:00:37 (1805 turns).

H0rd4k the Insei (Octopode Transmuter)              Turns: 1805, Time: 00:00:37

Health: 0/23       AC:  1    Str:  9    XL:     3   Next: 50%
Magic:  6/6        EV: 13    Int: 17    God:
Gold:   66         SH:  0    Dex: 12    Spells: 5/6 levels left

rFire   . . .      SeeInvis .     - Unarmed
rCold   . . .      Faith    .   (no shield)
rNeg    . . .      Spirit   .   (helmet restricted)
rPois   .          Reflect  .   (no amulet)
rElec   .          Harm     .   (no ring)
rCorr   .          Rampage  .   (no ring)
Will    .....                   (no ring)
Stlth   ++........              (no ring)
HPRegen 0.07/turn               (no ring)
MPRegen 0.10/turn               (no ring)
                                (no ring)
                                (no ring)

@: no status effects
A: almost no armour, amphibious, 8 rings, camouflage 1, gelatinous body 1,
(nimble swimmer 1), tentacles
a: no special abilities


You were on level 2 of the Dungeon.
You visited 1 branch of the dungeon, and saw 2 of its levels.

You collected 66 gold pieces.

Inventory:

Scrolls
 b - 3 scrolls of identify {unknown}
 c - a scroll of fog {unknown}
 d - a scroll of magic mapping {unknown}
 e - a scroll of immolation {unknown}
 f - a scroll of noise {unknown}
Potions
 a - a potion of lignification
 g - a potion of flight {unknown}


   Skills:
 + Level 1.0 Fighting
 + Level 2.6 Dodging
 + Level 0.4 Stealth
 + Level 3.7 Unarmed Combat
 + Level 2.1 Spellcasting
 + Level 2.1 Transmutations


You had 5 spell levels left.
You knew the following spells:

 Your Spells              Type           Power      Damage    Failure   Level
a - Beastly Appendage     Tmut           16%        N/A       9%          1

Your spell library contained the following spells:

 Spells                   Type           Power      Damage    Failure   Level
 Wereblood                Tmut           8%         N/A       12%         2
 Spider Form              Tmut/Pois      5%         N/A       36%         3
 Ice Form                 Ice/Tmut       5%         N/A       77%         4


Dungeon Overview and Level Annotations

Branches:
Dungeon (2/15)

Altars:


Innate Abilities, Weirdness & Mutations

You cannot wear most types of armour.
You are amphibious.
You can wear up to eight rings at the same time.
Your skin changes colour to match your surroundings (Stealth+).
Your rubbery body absorbs attacks. (AC +1, EV +1)
((You are camouflaged when in or above water. (Stealth+)))
You have tentacles for arms and can constrict up to eight enemies at once.


Message History

Found a stone staircase leading up.
A ball python is nearby!
You closely miss the ball python. Your grab misses the ball python.
You tentacle-slap the ball python.
You kill the ball python!
HP restored.
You now have 66 gold pieces (gained 10).
A goblin comes into view.
It is wielding a +1 dagger of electrocution and wearing a +1 scale mail of willpower.
The goblin moves out of view.
No target in view!
The goblin shouts!
A goblin is nearby!
A goblin is nearby!
The goblin hits you but does no damage.
A goblin is nearby!
You closely miss the goblin. Your grab misses the goblin.
The goblin hits you with a +1 dagger of electrocution.
A goblin is nearby!
You closely miss the goblin. Your grab misses the goblin.
The goblin hits you but does no damage.
A goblin is nearby!
You tentacle-slap the goblin but do no damage.
Your grab misses the goblin. The goblin barely misses you.
You barely miss the goblin. Your grab misses the goblin.
You squeeze the goblin.
The goblin is heavily wounded.
The goblin hits you with a +1 dagger of electrocution.
You tentacle-slap the goblin but do no damage.
You grab the goblin.
The goblin is heavily wounded.
You constrict the goblin, but do no damage.
The goblin hits you with a +1 dagger of electrocution.
You are electrocuted!
Ouch! That really hurt!
* * * LOW HITPOINT WARNING * * *
You tentacle-slap the goblin but do no damage.
The goblin is heavily wounded.
You constrict the goblin, but do no damage.
The goblin hits you with a +1 dagger of electrocution.
You die...

#............<.
###.#.#..#
#.##+#......#.#
.#.#.........#...
.#.#......#.#######
..........#........
............####### ###
.#...#...........#.....
#.............@g...#
#.#.#######.###.#..#
###........##.# ... ..#
...........##+# ..... .
####.......# .....#
............. ...###
##........... ...#
.#..........> ...+
.#...........


You could see a goblin.

Vanquished Creatures
  An adder (D:2)
  A dart slug (D:1)
  7 ball pythons
  A bat (D:1)
  3 endoplasms (D:1)
  2 giant cockroaches (D:1)
  5 hobgoblins
  A frilled lizard (D:1)
  4 kobolds (D:1)
  A rat (D:1)
26 creatures vanquished.

Notes
Turn   | Place    | Note
-------+----------+-------------------------------------------
     0 | D:1      | H0rd4k the Octopode Transmuter began the quest for the Orb.
     0 | D:1      | Reached XP level 1. HP: 13/13 MP: 3/3
   596 | D:1      | Reached XP level 2. HP: 12/18 MP: 5/5
   938 | D:1      | Found a faded altar of an unknown god.
  1262 | D:1      | Reached XP level 3. HP: 23/23 MP: 6/6
  1805 | D:2      | Slain by a goblin

Illustrated notes

Levels and vault maps discovered:
D:1:      grunt_arrival_lava_bath, layout_loops_ring,
          hellmonk_ecumenical_altar_inner_sanctum,
          chequers_serial_rivers_small_3, minmay_misc_feat_roman
D:2:      layout_basic, basic_altar

Action                   || total
-------------------------++-------
Melee: Unarmed           ||    72
       Constrict         ||    20
       Tentacles         ||    14
       Punch             ||     3
 Stab: Sleeping          ||     5
Armor: Skin              ||     9
Dodge: Dodged            ||    28
